 Dungeon Crawl Stone Soup version 0.29-a0-994-gc5c9f59d18 (webtiles) character file.

Game seed: 4819374001635591495

6666 frimble the Fighter (level 10, -1/82 HPs)
             Began as a Demonspawn Earth Elementalist on Aug 3, 2022.
             Was a Follower of Cheibriados.
             Slain by a two-headed ogre
             ... wielding a +0 giant spiked club
              (15 damage)
             ... on level 10 of the Dungeon.
             The game lasted 00:14:52 (8488 turns).

frimble the Fighter (Demonspawn Earth Elementalist) Turns: 8488, Time: 00:14:52

Health: -1/82      AC: 15    Str: 19    XL:     10   Next: 73%
Magic:  10/13      EV: 13    Int: 20    God:    Cheibriados [*.....]
Gold:   572        SH:  0    Dex: 16    Spells: 10/13 levels left

rFire   . . .      SeeInvis .     - Unarmed
rCold   . . .      Faith    .   (no shield)
rNeg    . . .      Spirit   .   a - +2 swamp dragon scales
rPois   +          Reflect  .   (helmet restricted)
rElec   .          Harm     .   D - +1 cloak
rCorr   .          Rampage  .   (no gloves)
Will    +....                   w - +1 pair of boots
Stlth   +.........              p - amulet of regeneration
HPRegen 1.03/turn               c - +6 ring of strength
MPRegen 0.13/turn               n - ring of willpower

@: very slow
A: hooves 2, horns 1, powered by death 2, spiny 2, weakness stinger 2
a: Renounce Religion, Bend Time


You were on level 10 of the Dungeon.
You worshipped Cheibriados.
Cheibriados was aware of your devotion.
You visited 3 branches of the dungeon, and saw 15 of its levels.

You collected 572 gold pieces.

Inventory:

Hand Weapons
 e - a +1 dagger
Missiles
 b - 7 throwing nets
 t - 3 curare-tipped darts
Armour
 a - +2 swamp dragon scales (worn)
 d - a +0 buckler
 w - a +1 pair of boots (worn)
 D - a +1 cloak (worn)
Jewellery
 c - a +6 ring of strength (left hand)
 g - a ring of flight
 n - a ring of willpower (right hand)
 p - an amulet of regeneration (around neck)
 r - a +6 ring of intelligence
 B - a ring of ice
Wands
 u - a wand of flame (11)
 v - a wand of polymorph (18)
 y - a wand of charming (11)
Scrolls
 j - a scroll of magic mapping
 k - 2 scrolls of immolation
 o - 2 scrolls of identify
 A - a scroll of butterflies
Potions
 f - a potion of heal wounds
 h - 4 potions of mutation
 i - 3 potions of brilliance
 l - a potion of cancellation
 m - 2 potions of flight
 q - 3 potions of might
 s - a potion of haste
 x - a potion of magic
 z - 2 potions of ambrosia
 C - a potion of resistance {unknown}
 E - a potion of curing {unknown}


   Skills:
 + Level 8.4 Fighting
 - Level 2.6 Short Blades
 - Level 5.1 Armour
 + Level 5.5 Dodging
 - Level 1.8 Stealth
 + Level 3.6 Shields
 + Level 7.7 Unarmed Combat
 - Level 2.0 Spellcasting
 - Level 2.0 Transmutations
 - Level 4.2 Earth Magic
 - Level 3.4 Evocations


You had 10 spell levels left.
You knew the following spells:

 Your Spells              Type           Power      Damage    Failure   Level
a - Sandblast             Erth           38%        2d10      4%          1
b - Passwall              Tmut/Erth      11%        N/A       11%         2

Your spell library contained the following spells:

 Spells                   Type           Power      Damage    Failure   Level
 Beastly Appendage        Tmut           20%        N/A       11%         1
 Wereblood                Tmut           10%        N/A       17%         2
 Magic Dart               Conj           8%         1d3       26%         1
 Stone Arrow              Conj/Erth      20%        3d8       32%         3
 Ensorcelled Hibernation  Hex/Ice        4%         N/A       36%         2
 Searing Ray              Conj           4%         2d4       36%         2
 Static Discharge         Conj/Air       2%         3-4/arc   36%         2
 Sublimation of Blood     Necr           2%         N/A       36%         2
 Spider Form              Tmut/Pois      6%         N/A       45%         3
 Petrify                  Tmut/Erth      14%        N/A       56%         4
 Portal Projectile        Hex/Tloc       4%         N/A       58%         3
 Swiftness                Air            2%         N/A       58%         3
 Tukima's Dance           Hex            2%         N/A       58%         3
 Dispel Undead            Necr           2%         3d7       94%         4
 Fulminant Prism          Conj/Hex       1%         3d6       94%         4
 Sticky Flame             Conj/Fire      2%         2d3       94%         4
 Blade Hands              Tmut           5%         N/A       97%         5
 Irradiate                Conj/Tmut      3%         3d12      99%         5


Dungeon Overview and Level Annotations

Branches:
Dungeon (13/15)            Temple (1/1) D:6            Lair (1/5) D:10
    Orc: D:9-12      Vaults: D:13-14

Altars:
Ashenzari
Cheibriados
Dithmenos
Fedhas
Gozag
Hepliaklqana
Kikubaaqudgha
Makhleb
Nemelex Xobeh
Okawaru
Qazlal
Ru
Sif Muna
Trog
Uskayaw
Vehumet
Wu Jian
Xom
Yredelemnul

Shops:
D:6 [   D:9 =   D:11 ?=

Annotations:
D:5 2 transporters, jujuben's ghost, novice TrGl
D:6 Grinder
D:9 2 transporters, peter4's ghost, novice TrFi


Innate Abilities, Weirdness & Mutations

You have hoof-like feet.
You have a pair of small horns on your head.
You regenerate health from kills.
You are mostly covered in sharp spines.
You have a tail ending in a sharp stinger.


Message History

The acid dragon is severely wounded.
The acid dragon barely misses you. The acid dragon claws you.
You punch the acid dragon!
You kill the acid dragon!
Cheibriados thoroughly appreciates the change of pace.
Casting: Sandblast (safe; 4% risk of failure)
Confirm with . or Enter, or press ? or * to list all spells.
Okay, then.
Unknown command.
Unknown command.
Aiming: Charm
Press: ? - help, Shift-Dir - straight line, f - two-headed ogre
Aim: a two-headed ogre, wielding two +0 giant spiked clubs (chance to affect: 39%)
Okay, then.
Unknown command.
The flow of time bends around you.
The two-headed ogre resists with some effort.
The two-headed ogre barely misses you.
The two-headed ogre hits you with a +0 giant spiked club!!
You punch the two-headed ogre!
You headbutt the two-headed ogre, but do no damage.
Your tail-slap misses the two-headed ogre.
The two-headed ogre is lightly wounded.
The two-headed ogre hits you with a +0 giant spiked club!
The two-headed ogre barely misses you.
You punch the two-headed ogre! You headbutt the two-headed ogre.
Your tail-slap misses the two-headed ogre.
The two-headed ogre is moderately wounded.
You hit the two-headed ogre.
The two-headed ogre is heavily wounded.
The two-headed ogre hits you with a +0 giant spiked club!!
The two-headed ogre closely misses you.
You punch the two-headed ogre! You headbutt the two-headed ogre!
The two-headed ogre is severely wounded.
You barely miss the two-headed ogre. You headbutt the two-headed ogre.
The two-headed ogre is severely wounded.
The two-headed ogre hits you with a +0 giant spiked club!
* * * LOW HITPOINT WARNING * * *
The two-headed ogre hits you with a +0 giant spiked club!
You die...

.......## ##......# .....
.......# .#...#......# #.....
......## #.#..##.....######.....
......# #.#..#................
....### ....###..............
..### .....###............ ###
#..# ###.......... # #..###
###........ #.@O.# ###......
#..#...# ###....
#..#...?(####...... #
#..#..?:###........ ###
..#######..#..###.......... ..###
...........####............
....###.........###..............
......#..##.##..#................
......##.##.##.##............####


You could see a two-headed ogre.

Vanquished Creatures
  Josephine (D:10)
  Maggie (D:7)
  A kobold demonologist (D:10)
  3 komodo dragons
  A blink frog (D:10)
  2 yaks
  4 wraiths
  2 wyverns
  2 vampire mosquitoes (D:10)
  A steam dragon (D:8)
  An acid dragon (D:10)
  A water moccasin (Lair:1)
  Duvessa (D:6)
  A sky beast (D:7)
  An ogre (D:5)
  A black bear (D:5)
  A centaur (D:7)
  A phantom (D:5)
  4 kobold brigands
  2 bullfrogs
  2 necrophages (D:7)
  A scorpion (D:4)
  3 wights (D:7)
  Dowan (D:6)
  15 killer bees
  3 howler monkeys
  3 hounds
  2 jellies
  A gnoll bouda (D:7)
  4 orc priests
  An iguana (D:5)
  3 orc wizards
  Robin (D:2)
  7 gnolls
  8 adders
  A white imp (D:6)
  3 ufetubi
  6 dart slugs
  15 orcs
  5 bats
  7 endoplasms
  7 giant cockroaches
  14 goblins
  5 hobgoblins
  8 quokkas
  4 ball pythons
  5 frilled lizards
  11 kobolds
  3 rats
181 creatures vanquished.

Vanquished Creatures (others)
  A yak (D:10)
  6 plants
7 creatures vanquished.

Grand Total: 188 creatures vanquished

Notes
Turn   | Place    | Note
-------+----------+-------------------------------------------
     0 | D:1      | frimble the Demonspawn Earth Elementalist began the quest
                  | for the Orb.
     0 | D:1      | Reached XP level 1. HP: 13/13 MP: 3/3
    54 | D:1      | Reached skill level 1 in Transmutations
   222 | D:1      | Gained mutation: You regenerate a little health from kills.
                  | [demonic ancestry]
   222 | D:1      | Reached XP level 2. HP: 13/19 MP: 0/5
  1095 | D:2      | Found a shimmering altar of Xom.
  1164 | D:2      | Gained mutation: You regenerate health from kills. [demonic
                  | ancestry]
  1164 | D:2      | Reached XP level 3. HP: 24/24 MP: 3/6
  1387 | D:2      | Found a faded altar of an unknown god.
  1482 | D:2      | Reached skill level 1 in Short Blades
  1780 | D:2      | Noticed Robin
  1833 | D:2      | Killed Robin
  1834 | D:2      | Gained mutation: You are partially covered in sharp spines.
                  | [demonic ancestry]
  1834 | D:2      | Reached XP level 4. HP: 30/30 MP: 5/7
  2095 | D:3      | Learned a level 2 spell: Passwall
  2872 | D:4      | Noticed a scorpion
  2877 | D:4      | Killed a scorpion
  2878 | D:4      | Discovered your monstrous ancestry.
  2878 | D:4      | Gained mutation: You have large cloven feet. [demonic
                  | ancestry]
  2878 | D:4      | Reached XP level 5. HP: 26/35 MP: 4/8
  3005 | D:4      | Reached skill level 1 in Fighting
  3005 | D:4      | Reached skill level 1 in Unarmed Combat
  3005 | D:4      | Gained mutation: You are mostly covered in sharp spines.
                  | [demonic ancestry]
  3005 | D:4      | Reached XP level 6. HP: 21/43 MP: 5/9
  3378 | D:4      | Reached skill level 2 in Fighting
  3663 | D:4      | Identified the +8 dagger of Dissolution {holy, Int+4}
  3771 | D:5      | Entered Level 5 of the Dungeon
  3897 | D:5      | Identified the +2 scale mail "Xah Pei" {Stlth+}
  4082 | D:5      | Reached skill level 1 in Armour
  4100 | D:5      | Found a burning altar of Makhleb.
  4137 | D:5      | Found a transporter.
  4165 | D:5      | HP: 2/46 [something/puff of flame (8)]
  4172 | D:5      | Gained mutation: You have a pair of small horns on your
                  | head. [demonic ancestry]
  4172 | D:5      | Reached XP level 7. HP: 31/51 MP: 8/10
  4254 | D:5      | Found a transporter.
  4257 | D:5      | Noticed jujuben's ghost (novice TrGl)
  4400 | D:5      | Found a blossoming altar of Fedhas.
  4405 | D:5      | Reached skill level 3 in Fighting
  4592 | D:6      | Found a staircase to the Ecumenical Temple.
  4719 | D:6      | Found a stormy altar of Qazlal.
  4740 | D:6      | Noticed Duvessa
  4745 | D:6      | Noticed Dowan
  4761 | D:6      | Killed Duvessa
  4762 | D:6      | Reached skill level 4 in Fighting
  4762 | D:6      | Killed Dowan
  4874 | D:6      | Found Ygoe's Armour Emporium.
  5041 | D:6      | Gained mutation: You have hoof-like feet. [demonic
                  | ancestry]
  5041 | D:6      | Reached XP level 8. HP: 61/61 MP: 11/11
  5177 | D:6      | Noticed Grinder
  5214 | Temple   | Entered the Ecumenical Temple
  5828 | D:7      | Reached skill level 5 in Fighting
  5867 | D:7      | Noticed Maggie
  5874 | D:7      | Reached skill level 5 in Unarmed Combat
  6081 | D:7      | Killed Maggie
  6082 | D:7      | Reached skill level 6 in Fighting
  6082 | D:7      | Reached skill level 5 in Armour
  6082 | D:7      | Gained mutation: You have a small tail. [demonic ancestry]
  6082 | D:7      | Reached XP level 9. HP: 17/68 MP: 12/12
  6411 | D:8      | Reached skill level 1 in Evocations
  6700 | D:8      | Noticed Maurice
  6702 | D:8      | Noticed Maurice
  6702 | D:8      | Maurice changed into Maurice the naga
  6707 | D:8      | Noticed Maurice
  6707 | D:8      | Maurice the naga changed into Maurice the wyvern
  6713 | D:8      | Killed Maurice the wyvern
  6902 | D:9      | Found Afariudiw's Jewellery Emporium.
  6919 | D:9      | Noticed a queen bee
  6931 | D:9      | Found a transporter.
  7240 | D:9      | Reached skill level 7 in Fighting
  7277 | D:9      | Found a transporter.
  7278 | D:9      | Noticed peter4's ghost (novice TrFi)
  7580 | D:9      | Found an ornate altar of the Wu Jian Council.
  7583 | D:9      | Found a broken altar of Ashenzari.
  7591 | D:9      | Found a snail-covered altar of Cheibriados.
  7595 | D:9      | Found a hide-covered altar of Uskayaw.
  7603 | D:9      | Became a worshipper of Cheibriados the Contemplative
  7605 | D:9      | Found a hazy altar of Hepliaklqana.
  7609 | D:9      | Found a basalt altar of Yredelemnul.
  7677 | D:10     | Entered Level 10 of the Dungeon
  7691 | D:10     | Found a staircase to the Lair.
  7691 | D:10     | Noticed a komodo dragon
  7697 | D:10     | Killed a komodo dragon
  7724 | D:10     | Noticed Josephine
  7734 | D:10     | Reached skill level 1 in Shields
  7734 | D:10     | Gained mutation: You have a tail ending in a sharp stinger.
                  | [demonic ancestry]
  7734 | D:10     | Reached XP level 10. HP: 8/69 MP: 13/13
  7734 | D:10     | Killed Josephine
  7735 | D:10     | HP: 3/120 [wraith[Josephine] (11)]
  7736 | D:10     | HP: 1/120 [wraith[Josephine] (7)]
  7743 | D:10     | Noticed a sun demon
  7745 | D:10     | Noticed a gargoyle
  7804 | D:11     | Found Enomakuu's Magic Scroll Boutique.
  7804 | D:11     | Found Ovad's Jewellery Shop.
  7828 | D:11     | Found Inumawn's Magic Scroll Boutique.
  7953 | D:11     | Reached skill level 8 in Fighting
  8013 | Lair:1   | Entered Level 1 of the Lair of Beasts
  8023 | Lair:1   | Reached skill level 5 in Dodging
  8221 | D:10     | You fall into a shaft and drop 3 floors!
  8373 | D:10     | Reached * piety under Cheibriados
  8471 | D:10     | Noticed a two-headed ogre
  8488 | D:10     | Slain by a two-headed ogre

Illustrated notes

Levels and vault maps discovered:
D:1:      ncdulo_wetmaze, layout_loops_cross
D:2:      wander_river, layout_loops_ring, basic_altar,
          chequers_ecumenical_altar_simple, uniq_robin
D:3:      layout_loops_cross
D:4:      layout_gridville, kennysheep_generic_room_4
D:5:      layout_basic, mainiacjoe_overflow_boulevard,
          mainiacjoe_overflow_24_doors, gammafunk_ghost_mausoleum
D:6:      layout_loops_ring, nicolae_overflow_hidden_temple,
          minmay_temple_entry_arrows, serial_shops, nicolae_shop_crystal,
          uniq_grinder, uniq_duvessa
D:7:      layout_basic, lightli_orcish_oven, uniq_maggie
D:8:      layout_rooms, minivault_1, uniq_maurice
D:9:      layout_loops_ring, nicolae_overflow_hallway_of_the_gods, serial_shops,
          shop, gammafunk_ghost_hive
D:10:     minmay_the_grid_four_pointed_star_mashed
          [minmay_the_grid_triangle_9x9_longest,
          minmay_the_grid_triangle_9x9_limited_checkers,
          minmay_the_grid_triangle_9x9_cache,
          minmay_the_grid_triangle_9x9_descending_squares,
          minmay_the_grid_prize_shrinking_boxes], layout_irregular_city,
          david_lair_shrubbed, kennysheep_opposing_triangles, uniq_josephine
D:11:     layout_cave_pools, hiddenorc1_lemuel, trove_entry_hex_spiral,
          serial_shops, shop, shop, nicolae_square_shop, shop
D:12:     layout_stronghold, st_stairs_4
D:13:     layout_roguey, grunt_vaults_entry_tiered, serial_shops,
          nicolae_lakefront_shop
Temple:   hellmonk_temple_forest_ring
Lair:1:   layout_regular_city, chequers_serial_rivers_micro_d, ldierk_geyser,
          infiniplex_staircase_pool, lemuel_fruit_tree, uniq_amaemon

Skill      XL: |  1  2  3  4  5  6  7  8  9 10 |
---------------+-------------------------------+-----
Transmutations | 1 2 |  2.0
Earth Magic    | 3 4 |  4.2
Short Blades   | 1 2 |  2.6
Fighting       | 1 2 4 6 7 8 |  8.4
Unarmed Combat | 1 2 3 5 6 7 |  7.7
Armour         | 1 3 5 |  5.1
Dodging        | 4 5 |  5.5
Evocations     | 3 |  3.4
Shields        | 1 3 |  3.6
Stealth        | |  1.8
Spellcasting   | |  2.0

Action                   |  1- 3 |  4- 6 |  7- 9 | 10-12 || total
-------------------------+-------+-------+-------+-------++-------
Melee: Unarmed           |     7 |    28 |   246 |    61 ||   342
       Dagger            |    52 |    96 |       |       ||   148
       Punch             |     1 |     4 |     9 |     3 ||    17
       Headbutt          |       |       |    53 |    17 ||    70
       Tailslap          |       |       |    18 |     6 ||    24
 Cast: Sandblast         |    49 |    14 |    12 |     1 ||    76
Invok: Bend Time         |       |       |       |     1 ||     1
Evoke: Wand              |       |       |     8 |     5 ||    13
  Use: Scroll            |     3 |     5 |    12 |     1 ||    21
       Potion            |     3 |     2 |     3 |       ||     8
 Stab: Sleeping          |     4 |     6 |       |       ||    10
Armor: Robe              |    23 |    13 |       |       ||    36
       Skin              |    30 |     4 |     4 |       ||    38
       Scale mail        |       |    19 |    53 |       ||    72
       Swamp dragon scal |       |       |    56 |    19 ||    75
Dodge: Dodged            |    48 |    50 |   140 |    34 ||   272

Table legend: (Time is in decaauts)
 A = Elapsed time spent in this place.
 B = Non-inter-level travel time spent in this place.
 C = Inter-level travel time spent in this place.
 D = Time resting spent in this place.
 E = Time spent auto-exploring this place.
 F = Levels seen in this place.
 G = Mean time per level.
                   A        B        C        D        E       F      G
               +--------+--------+--------+--------+--------+-----+--------+
         Total |   8826 |   8190 |    636 |     80 |   6517 |  15 |  588.4 |
       Dungeon |   8621 |   8000 |    621 |     80 |   6363 |  13 |  663.2 |
        Temple |    164 |    150 |     14 |      0 |    140 |   1 |  164.0 |
          Lair |     40 |     40 |      0 |      0 |     14 |   1 |   40.0 |
               +--------+--------+--------+--------+--------+-----+--------+

Top non-repeatable levels by time:
     D:1: 1121 daAuts
     D:4: 1049 daAuts
     D:2: 1045 daAuts
     D:7: 1011 daAuts
     D:9: 904 daAuts
     D:3: 745 daAuts
     D:5: 700 daAuts
     D:6: 645 daAuts
    D:10: 530 daAuts
     D:8: 472 daAuts
    D:11: 303 daAuts
  Temple: 164 daAuts
    D:12: 77 daAuts
  Lair:1: 40 daAuts
    D:13: 13 daAuts
